 Dungeon Crawl Stone Soup version 0.25-a0-458-g6fc7858b95 (webtiles) character file.

Game seed: 11537436663273493461, levelgen mode: deterministic

20296 Gargoyl the Protected (level 12, -8/101 HPs)
             Began as a Centaur Abyssal Knight on Feb 1, 2020.
             Was a High Priest of Lugonu.
             Mangled by a polar bear (11 damage)
             ... on level 2 of the Lair of Beasts.
             The game lasted 00:27:50 (18533 turns).

Gargoyl the Protected (Centaur Abyssal Knight)     Turns: 18533, Time: 00:27:50

Health: -8/101     AC: 21    Str: 17    XL:     12   Next: 44%
Magic:  18/18      EV:  7    Int: 11    God:    Lugonu [*****.]
Gold:   835        SH:  0    Dex: 12    Spells: 11/11 levels left

rFire    . . .     SeeInvis +   a - +2 hand axe (venom)
rCold    + . .     Gourm    .   (no shield)
rNeg     . . .     Faith    .   d - +4 storm dragon scales
rPois    +         Spirit   .   k - +0 helmet
rElec    +         Reflect  .   G - +0 cloak
rCorr    .         Harm     .   i - +0 pair of gloves
MR       +....                  (no barding)
Stlth    ..........             (no amulet)
HPRegen  0.26/turn              f - ring of protection from cold
MPRegen  0.16/turn              b - ring of see invisible

@: very quick
A: large, hooves 3, deformed body, speed 2, magic resistance 1, sense
surroundings 1, poison resistance, tough skin 3, subdued magic 1
a: Depart the Abyss, Bend Space, Banish, Corrupt, Enter the Abyss, Renounce
Religion


You were on level 2 of the Lair of Beasts.
You worshipped Lugonu.
Lugonu was extremely pleased with you.
You were not hungry.

You visited 2 branches of the dungeon, and saw 14 of its levels.
You visited the Abyss 1 time.
You also visited: Sewer.

You collected 835 gold pieces.

Inventory:

Hand Weapons
 a - a +2 hand axe of venom (weapon)
 s - a +2 hand axe of freezing
 D - a +3 hand axe
Missiles
 B - 2 boomerangs (quivered)
Armour
 d - +4 storm dragon scales (worn)
 i - a +0 pair of gloves (worn)
 k - a +0 helmet (worn)
 G - a +0 cloak (worn)
Jewellery
 b - a ring of see invisible (right hand)
 f - a ring of protection from cold (left hand)
 p - an uncursed ring of flight
 E - an uncursed ring of poison resistance
 F - an uncursed ring of positive energy {unknown}
Wands
 h - a wand of polymorph (24)
 y - a wand of acid (4)
 C - a wand of disintegration (12)
Scrolls
 g - 7 scrolls of identify
 j - 4 scrolls of remove curse
 l - 2 scrolls of fog
 o - 2 scrolls of fear
 t - 3 scrolls of teleportation
 w - 2 scrolls of blinking
 x - a scroll of magic mapping
Potions
 e - a potion of berserk rage
 m - a potion of magic
 n - a potion of ambrosia
 q - 2 potions of brilliance
 r - 2 potions of curing
 u - 2 potions of flight
 v - a potion of cancellation
 z - a potion of heal wounds
 A - 2 potions of mutation
Comestibles
 c - 19 rations


   Skills:
 + Level 8.0 Fighting
 + Level 9.3 Axes
 * Level 10.2 Armour
 * Level 5.8 Dodging
 * Level 8.6 Invocations
 + Level 1.1 Evocations


You had 11 spell levels left.
You didn't know any spells.
Your spell library contained the following spells:

 Spells                   Type           Power        Failure   Level  Hunger
 Beastly Appendage        Tmut           #.....       97%         1    ##.....
 Summon Butterflies       Summ           #.......     97%         1    ##.....
 Summon Small Mammal      Summ           #...         97%         1    ##.....
 Call Imp                 Summ           #.......     99%         2    ###....
 Sticks to Snakes         Tmut           #.......     99%         2    ###....
 Call Canine Familiar     Summ           #.......     100%        3    ####...
 Spider Form              Tmut/Pois      #.........   100%        3    ####...
 Summon Guardian Golem    Hex/Summ       #.......     100%        3    ####...
 Ice Form                 Ice/Tmut       #.......     100%        4    #####..
 Summon Ice Beast         Ice/Summ       #.......     100%        4    #####..
 Summon Lightning Spire   Summ/Air       #.......     100%        4    #####..
 Blade Hands              Tmut           #.........   100%        5    ######.
 Irradiate                Conj/Tmut      #.........   100%        5    ######.
 Summon Mana Viper        Hex/Summ       #.......     100%        5    ######.
 Hydra Form               Tmut           #.........   100%        6    #######
 Statue Form              Tmut/Erth      #........    100%        6    #######
 Dragon Form              Tmut           #.........   100%        7    #######
 Summon Hydra             Summ           #.........   100%        7    #######


Dungeon Overview and Level Annotations

Branches:
Dungeon (12/15)            Temple (0/1) D:7            Lair (2/6) D:11
    Orc (0/2) D:11          Sewer (visited)
  Swamp: Lair:2-4    Shoals: Lair:2-4     Snake: Lair:2-4    Spider: Lair:2-4

Altars:
Ashenzari
Gozag
Makhleb
Trog
Uskayaw
Vehumet
Wu Jian
Xom
Yredelemnul
Zin
Beogh
Lugonu

Shops:
D:6 *

Annotations:
D:3 Ijyb


Innate Abilities, Weirdness & Mutations

You have hooves in place of feet.
Armour fits poorly on your strangely shaped body.
You cover ground very quickly.
You have extremely tough skin. (AC +3)
You are resistant to hostile enchantments. (MR+)
You passively map a small area around you.
Your system is resistant to poisons. (rPois)
Your spells are a little easier to cast, but a little less powerful.


Message History

The crocodile barely misses you.
You hit the polar bear.
The polar bear looks as sick as possible!
The polar bear is almost dead.
You hit the crocodile but do no damage.
You kill the crocodile!
Lugonu accepts your kill.
Your Fighting skill increases to level 8!
The polar bear bites you!!
* * * LOW HITPOINT WARNING * * *
The polar bear barely misses you. x2; The polar bear bites you!
* * * LOW HITPOINT WARNING * * *
The polar bear barely misses you.
The polar bear claws you but does no damage.
You hit the polar bear.
The polar bear looks as sick as possible!
You kick the polar bear!
The polar bear is almost dead.
The polar bear bites you!
You die...

, , * * , * , ,. , * **
,.. * ####... ,...<...
, , * ###.......
#.......# ##.#h...... >
#.......# ##..@.......
,, ,
#.......###...........
##.......##..##....$...
,
#........##..##........
,
#......>..#.###........
, ##.......+..#
##.......,
#.^........## *#.#...#
, * #.P##'###..#
##...### , ##.....#
#### ###..#### #♣♣


You could see a polar bear (berserk).

Vanquished Creatures
  Gastronok (D:10)
  Harold (D:9)
  Fannar (D:12)
  3 two-headed ogres
  Nergalle (D:12)
  2 unseen horrors (D:12)
  An elephant (D:11)
  Joseph (D:7)
  A black mamba (Lair:1)
  A spiny frog (Lair:1)
  Maggie (D:9)
  A rime drake (Lair:1)
  Prince Ribbit (D:8)
  2 hippogriffs
  Sigmund (D:4)
  A spriggan (D:10)
  18 yaks
  2 wyverns
  A basilisk (D:11)
  A hungry ghost (D:7)
  7 vampire mosquitoes (Lair:2)
  A soldier ant (D:11)
  Duvessa (D:4)
  A porcupine (Lair:1)
  2 water moccasins
  3 ice beasts
  A black bear (Lair:1)
  2 sky beasts
  An eye of draining (D:11)
  A necrophage (D:11)
  3 orc warriors
  6 ogres
  3 phantoms
  3 wolves (Lair:1)
  2 centaurs
  3 crocodiles
  5 big kobolds
  Dowan (D:4)
  5 bullfrogs
  2 scorpions
  14 killer bees
  3 wights (D:12)
  2 howler monkeys
  4 crimson imps
  4 hounds
  7 orc priests
  2 jellies
  4 centaur skeletons
  2 bullfrog skeletons
  2 iguanas
  19 orc wizards
  7 worker ants
  A worker ant zombie (D:11)
  Robin (D:3)
  10 adders
  4 gnolls (D:7)
  A howler monkey skeleton (D:4)
  5 river rats (D:5)
  2 shadow imps
  3 oozes
  4 worms
  3 dart slugs
  3 leopard geckos
  29 orcs
  5 giant cockroaches
  8 hobgoblins
  20 jackals
  17 kobolds
  5 quokkas
  4 ball pythons
  11 bats
  2 frilled lizards (D:2)
  10 goblins
  A leopard gecko skeleton (D:7)
  6 rats
  2 fungi
322 creatures vanquished.

Vanquished Creatures (others)
  2 hydras
  A fungus (Lair:2)
3 creatures vanquished.

Grand Total: 325 creatures vanquished

Notes
Turn   | Place    | Note
-------+----------+-------------------------------------------
     0 | Abyss:1  | Gargoyl the Centaur Abyssal Knight began the quest for the
                  | Orb.
     0 | Abyss:1  | Reached XP level 1. HP: 19/19 MP: 2/2
    35 | Abyss:2  | Noticed a dire elephant skeleton
    63 | Abyss:2  | Noticed a green death
   115 | Abyss:3  | Noticed a large abomination
   122 | Abyss:4  | Found a corrupted altar of Lugonu.
   136 | Abyss:4  | Noticed a large abomination
   139 | Abyss:4  | Noticed a large abomination
   141 | Abyss:4  | Noticed a raiju
   143 | D:1      | Escaped the Abyss
   394 | D:1      | Reached * piety under Lugonu
   813 | D:2      | Reached XP level 2. HP: 17/26 MP: 3/3
   929 | D:2      | Reached skill level 1 in Dodging
   958 | D:2      | Found a basalt altar of Yredelemnul.
  1164 | D:2      | Reached XP level 3. HP: 22/31 MP: 4/4
  1426 | D:2      | Noticed a phantom
  1739 | D:2      | Killed a phantom
  1739 | D:2      | Reached skill level 2 in Armour
  1739 | D:2      | Reached XP level 4. HP: 24/40 MP: 4/6
  2014 | D:2      | Reached XP level 5. HP: 44/46 MP: 7/7
  2240 | D:3      | Noticed Robin
  2256 | D:3      | Killed Robin
  2256 | D:3      | Reached ** piety under Lugonu
  2785 | D:3      | Found a radiant altar of Vehumet.
  3055 | D:3      | Noticed Ijyb
  3388 | D:3      | Reached skill level 3 in Armour
  3388 | D:3      | Reached XP level 6. HP: 26/52 MP: 8/8
  4117 | D:4      | Reached XP level 7. HP: 57/59 MP: 9/9
  4124 | D:4      | Noticed Sigmund
  4416 | D:4      | Killed Sigmund
  4526 | D:4      | Reached skill level 4 in Armour
  4532 | D:4      | Noticed Duvessa
  5041 | D:4      | Killed Duvessa
  5055 | D:4      | Noticed Dowan
  5170 | D:4      | Killed Dowan
  5170 | D:4      | Reached XP level 8. HP: 53/67 MP: 11/11
  5639 | D:4      | You fall into a shaft and drop 3 floors!
  5734 | D:7      | Reached skill level 5 in Armour
  6032 | D:7      | Noticed Prince Ribbit
  6061 | D:8      | Gained mutation: You expend magic power (3 MP) to
                  | strengthen your wands. [potion of mutation]
  6061 | D:8      | Lost mutation: You expend magic power (3 MP) to strengthen
                  | your wands. [potion of mutation]
  6061 | D:8      | Gained mutation: You have a pair of small antennae on your
                  | head. [potion of mutation]
  6061 | D:8      | Gained mutation: Your mind is acute. (Int +2) [potion of
                  | mutation]
  6184 | D:7      | Reached skill level 5 in Fighting
  6432 | D:7      | Paralysed by fainting for 7 turns
  6795 | D:7      | Found a staircase to the Ecumenical Temple.
  6797 | D:7      | Noticed Joseph
  6828 | D:7      | Killed Joseph
  6828 | D:7      | Reached skill level 6 in Armour
  6828 | D:7      | Reached XP level 9. HP: 36/74 MP: 12/12
  7155 | D:7      | Reached skill level 5 in Invocations
  7286 | D:6      | Found Esusulonapt's Assorted Antiques.
  7432 | D:5      | Entered Level 5 of the Dungeon
  7640 | D:5      | Reached *** piety under Lugonu
  7682 | D:5      | Found a glowing drain.
  7690 | Sewer    | Entered a sewer
  7853 | Sewer    | Reached skill level 5 in Axes
  8300 | D:5      | Reached **** piety under Lugonu
  8960 | D:6      | Found a hide-covered altar of Uskayaw.
  8973 | D:6      | Found a glowing silver altar of Zin.
  9098 | D:6      | Found a faded altar of an unknown god.
  9098 | D:6      | Found a shattered altar of Ashenzari.
  9111 | D:6      | Found a shimmering altar of Xom.
  9113 | D:6      | Found a faded altar of an unknown god.
  9114 | D:6      | Found an opulent altar of Gozag.
  9610 | D:8      | Killed Prince Ribbit
  9610 | D:8      | Reached skill level 7 in Armour
  9808 | D:8      | HP: 3/75 [orc warrior/+0 battleaxe (13)]
  9814 | D:8      | HP: 2/75 [poisoned by a killer bee]
  9820 | D:8      | HP: 2/75 [poisoned by a killer bee]
  9826 | D:8      | HP: 2/75 [poisoned by a killer bee]
 10640 | D:8      | You fall into a shaft and drop 2 floors!
 10640 | D:10     | Entered Level 10 of the Dungeon
 10731 | D:10     | Lost mutation: Your mind is acute. (Int +2) [potion of
                  | mutation]
 10731 | D:10     | Lost mutation: You have a pair of small antennae on your
                  | head. [potion of mutation]
 10731 | D:10     | Gained mutation: Your spells are a little easier to cast,
                  | but a little less powerful. [potion of mutation]
 10731 | D:10     | Gained mutation: Your mind is acute. (Int +2) [potion of
                  | mutation]
 10731 | D:10     | Gained mutation: Your natural rate of healing is unusually
                  | fast. [potion of mutation]
 10775 | D:10     | Reached XP level 10. HP: 67/83 MP: 14/14
 11031 | D:10     | Noticed a two-headed ogre
 11053 | D:10     | Killed a two-headed ogre
 11203 | D:9      | Noticed Harold
 11231 | D:9      | Killed Harold
 11231 | D:9      | Reached skill level 8 in Armour
 11605 | D:9      | Found a bloodstained altar of Trog.
 11661 | D:9      | Noticed Maggie
 11706 | D:9      | Killed Maggie
 12371 | D:8      | Found an ornate altar of the Wu Jian Council.
 12942 | D:10     | Noticed Gastronok
 12963 | D:10     | Killed Gastronok
 12963 | D:10     | Reached XP level 11. HP: 13/91 MP: 16/16
 13491 | D:11     | Found a burning altar of Makhleb.
 13502 | D:11     | Found a staircase to the Lair.
 13545 | D:11     | Reached ***** piety under Lugonu
 13818 | D:11     | Reached skill level 5 in Dodging
 13824 | D:11     | Reached skill level 9 in Armour
 14248 | D:11     | Found a staircase to the Orcish Mines.
 14276 | D:11     | Found a roughly hewn altar of Beogh.
 14359 | D:11     | Lost mutation: Your natural rate of healing is unusually
                  | fast. [potion of mutation]
 14359 | D:11     | Lost mutation: Your spells are a little easier to cast, but
                  | a little less powerful. [potion of mutation]
 14359 | D:11     | Lost mutation: Your mind is acute. (Int +2) [potion of
                  | mutation]
 14359 | D:11     | Gained mutation: Potions are less effective at restoring
                  | your health. [potion of mutation]
 14359 | D:11     | Gained mutation: You have a pair of small antennae on your
                  | head. [potion of mutation]
 14359 | D:11     | Gained mutation: You are dopey. (Int -2) [potion of
                  | mutation]
 14359 | D:11     | Gained mutation: Your muscles are strong. (Str +2) [potion
                  | of mutation]
 14360 | D:11     | Lost mutation: Potions are less effective at restoring your
                  | health. [potion of mutation]
 14360 | D:11     | Lost mutation: You are dopey. (Int -2) [potion of mutation]
 14360 | D:11     | Lost mutation: Your muscles are strong. (Str +2) [potion of
                  | mutation]
 14360 | D:11     | Lost mutation: You have a pair of small antennae on your
                  | head. [potion of mutation]
 14360 | D:11     | Gained mutation: You are robust. (+10% HP) [potion of
                  | mutation]
 14360 | D:11     | Gained mutation: You passively map a small area around you.
                  | [potion of mutation]
 14361 | D:11     | Lost mutation: You are robust. (+10% HP) [potion of
                  | mutation]
 14361 | D:11     | Gained mutation: Your system is resistant to poisons.
                  | (rPois) [potion of mutation]
 14361 | D:11     | Gained mutation: Your spells are a little easier to cast,
                  | but a little less powerful. [potion of mutation]
 14361 | D:11     | Gained mutation: You are resistant to hostile enchantments.
                  | (MR+) [potion of mutation]
 14772 | D:12     | Noticed Fannar
 14819 | D:12     | Killed Fannar
 15119 | D:12     | Found a corrupted altar of Lugonu.
 15129 | D:12     | Noticed an unseen horror
 15151 | D:12     | Killed an unseen horror
 15158 | D:12     | Noticed an unseen horror
 15168 | D:12     | Killed an unseen horror
 15190 | D:12     | Noticed a two-headed ogre
 15198 | D:12     | Killed a two-headed ogre
 15214 | D:12     | Noticed Nergalle
 15226 | D:12     | Killed Nergalle
 15538 | D:12     | Noticed a six-headed hydra
 15540 | D:12     | Banished a six-headed hydra
 15673 | D:12     | Reached XP level 12. HP: 90/100 MP: 18/18
 15768 | D:12     | Reached skill level 1 in Evocations
 15826 | D:12     | Noticed a two-headed ogre
 16247 | D:12     | Killed a two-headed ogre
 16749 | Lair:1   | Entered Level 1 of the Lair of Beasts
 17549 | Lair:1   | Reached skill level 10 in Armour
 17784 | Lair:1   | Noticed a five-headed hydra
 17786 | Lair:1   | Banished a five-headed hydra
 18532 | Lair:2   | HP: 2/101 [polar bear (16)]
 18533 | Lair:2   | Mangled by a polar bear

Levels and vault maps discovered:
D:1:      wander_arrival_peaceful_grave, layout_loops_ring
D:2:      layout_basic, lemuel_coloured_pillars_altar, wad_floor_pattern_2
D:3:      layout_loops_corners, vehumet_crystals, first_ration,
          grunt_decor_one_mirror, uniq_jessica, uniq_robin, uniq_ijyb,
          uniq_crazy_yiuf_cottage
D:4:      layout_loops_ring, serial_shops, shop, palyth_stone_intersect,
          hangedman_decor_clover_reticule, chequers_serial_rivers_micro_e,
          minmay_misc_feat_pillars, uniq_sigmund, uniq_duvessa
D:5:      layout_basic, portal_sewer_entry_e, minivault_5, grunt_ministairs_8,
          kennysheep_nub
D:6:      layout_basic, chequers_temple_overflow_minitemple,
          lemuel_crystal_altar, lemuel_doored_altar, serial_shops,
          nicolae_shop_crystal
D:7:      layout_loops_ring, minmay_temple_entry_statues, uniq_prince_ribbit1,
          uniq_joseph
D:8:      layout_basic, old_standard_altar
D:9:      layout_long_grid, kennysheep_mini_moat, uniq_maggie, uniq_harold
D:10:     layout_roguey, grunt_pizzeria, uniq_gastronok
D:11:     layout_irregular_city, david_lair_generic,
          minmay_orc_entry_temple_small, hangedman_decor_push, bloody_makhleb
D:12:     layout_roguey, gauntlet_entry_generic, tgw_lugonu_bribe, uniq_fannar,
          uniq_nergalle
Lair:1:   layout_cave_shapes, grunt_megastairs_1
Lair:2:   layout_roguey, minmay_swamp_entry_swarm, guppyfry_snake_entry_island,
          grunt_megastairs_3, uniq_erica

Skill      XL: |  1  2  3  4  5  6  7  8  9 10 11 12 |
---------------+-------------------------------------+-----
Dodging        | 1 2 3 4 5 |  5.8
Axes           | 2 3 4 6 7 8 9 |  9.3
Armour         | 2 3 4 6 7 8 9 10 | 10.2
Fighting       | 4 5 6 7 8 |  8.0
Invocations    | 3 4 5 7 8 |  8.6
Evocations     | 1 |  1.1

Action                   |  1- 3 |  4- 6 |  7- 9 | 10-12 || total
-------------------------+-------+-------+-------+-------++-------
Melee: Hand axe          |    72 |   188 |   513 |   796 ||  1569
       Kick              |    10 |    34 |   104 |   240 ||   388
Invok: Depart the Abyss  |     1 |       |       |       ||     1
       Banish            |       |       |       |     2 ||     2
Evoke: Wand              |       |       |    12 |     9 ||    21
  Use: Scroll            |     8 |     2 |    10 |     6 ||    26
       Potion            |       |       |    13 |     6 ||    19
  Eat: Chunk             |     1 |     8 |    14 |    17 ||    40
       Ration            |       |       |     8 |     2 ||    10
Armor: Storm dragon scal |    37 |   168 |   366 |   562 ||  1133
       Skin              |       |       |    13 |       ||    13
Dodge: Dodged            |    13 |    56 |   148 |   261 ||   478

Table legend:
 A = Non-vault XP
 B = Vault XP
 C = Vault XP percentage of total XP
 D = Non-vault monster count
 E = Vault monster count
 F = Vault count percentage of total count
                 A         B        C        D         E       F
            +---------+---------+-------+---------+---------+-------
      Total |   18271 |   10724 |  37.0 |     243 |      79 |  24.5
            +---------+---------+-------+---------+---------+-------
        D:1 |       9 |       0 |   0.0 |       5 |       0 |   0.0
        D:2 |     225 |       0 |   0.0 |      30 |       0 |   0.0
        D:3 |     377 |      35 |   8.5 |      19 |      12 |  38.7
        D:4 |     586 |     477 |  44.9 |      17 |       3 |  15.0
        D:5 |     768 |     124 |  13.9 |      27 |      10 |  27.0
        D:6 |     441 |       0 |   0.0 |       9 |       0 |   0.0
        D:7 |     897 |     481 |  34.9 |      17 |       1 |   5.6
        D:8 |    1155 |     274 |  19.2 |      23 |       1 |   4.2
        D:9 |     443 |    1381 |  75.7 |      11 |       2 |  15.4
       D:10 |    2722 |    2532 |  48.2 |      24 |       2 |   7.7
       D:11 |    2116 |    1219 |  36.6 |      25 |      11 |  30.6
       D:12 |    5301 |    1815 |  25.5 |      21 |       2 |   8.7
     Lair:1 |    2678 |     799 |  23.0 |      11 |       4 |  26.7
     Lair:2 |     553 |    1260 |  69.5 |       4 |       7 |  63.6
      Sewer |       0 |     327 | 100.0 |       0 |      24 | 100.0
            +---------+---------+-------+---------+---------+-------
